 Dungeon Crawl Stone Soup version 0.18-a0-1666-g3ea6f2b (webtiles) character file.

366241 Chiseanne the Peltast (level 21, -25/153 HPs)
             Began as a Demonspawn Wanderer on Mar 30, 2016.
             Was an Initiate of Gozag.
             Killed by the air
             ... invoked by a titan
              (39 damage)
             ... on level 5 of the Vaults on Mar 31, 2016.
             The game lasted 04:43:39 (45234 turns).

Chiseanne the Peltast (Demonspawn Wanderer)        Turns: 45234, Time: 04:43:40

Health: -25/153    AC: 18    Str: 14    XL:     21   Next: 59%
Magic:  0/48       EV: 42    Int: 16    God:    Gozag
Gold:   1903       SH: 19    Dex: 47    Spells: 4 memorised, 33 levels left

rFire  + . .     SeeInvis +     s - +9 quick blade (freeze)
rCold  + + .     Gourm    .     c - +2 ring mail "Kunesonk" {*Drain MR++ Int+4 Slay+5}
rNeg   + + .     Faith    .     n - +0 buckler of the Eleven Eyes {rF+ Dex+4 SInv}
rPois  +         Spirit   +     (helmet unavailable)
rElec  .         Dismiss  .     p - +0 cloak of the Hidden Vale {rC+ Dex+4}
rCorr  .         Reflect  +     j - +2 pair of gloves "Xegge" {Str+4 Dex+3}
SustAt .         Harm     .     l - +2 pair of boots {Fly}
MR     ++++.     Clarity  +     x - +6 amulet of reflection
Stlth  ++++++++..               A - ring of Wolak {rPois rN+ MP+9 Str-2 Slay+3}
                                L - +5 ring of evasion

@: agile, gold aura, flying, invisible (expiring), incredibly resistant to
hostile enchantments, extraordinarily stealthy
A: claws 1, hooves 1, horns 3, thin skeletal structure 3, clarity, cold
resistance 1, magic resistance 1, negative energy resistance 1, powered by pain
2, evolution 1, magic shield, magic regeneration, magic link
a: Potion Petition, Call Merchant, Bribe Branch, Renounce Religion, Stop Flying
}: 2/15 runes: barnacled, gossamer


You were on level 5 of the Vaults.
You worshipped Gozag.
Gozag was noncommittal.
You were not hungry.

You visited 9 branches of the dungeon, and saw 45 of its levels.
You also visited: Labyrinth and Bailey.

You collected 19737 gold pieces.
You spent 10118 gold pieces at shops.
You paid 7716 gold pieces to Gozag.

Inventory:

Hand Weapons
 a - a +9 rapier of electrocution
 d - a +1 rapier of protection
 s - a +9 quick blade of freezing (weapon)
Missiles
 G - 7 throwing nets (quivered) {!*}
Armour
 c - the +2 ring mail "Kunesonk" (worn) {*Drain MR++ Int+4 Slay+5}
   (You bought it in a shop on level 15 of the Dungeon)

   It affects your intelligence (+4).
   It affects your accuracy and damage with ranged weapons and melee attacks
   (+5).
   It affects your resistance to hostile enchantments.
   It causes draining when unequipped.
 j - the +2 pair of gloves "Xegge" (worn) {Str+4 Dex+3}
   (You bought it in a shop on level 15 of the Dungeon)

   It affects your strength (+4).
   It affects your dexterity (+3).
 l - a +2 pair of boots of flying (worn)
 n - the +0 buckler of the Eleven Eyes (worn) {rF+ Dex+4 SInv}
   (You acquired it in a bailey)

   It affects your dexterity (+4).
   It protects you from fire.
   It lets you see invisible.
 p - the +0 cloak of the Hidden Vale (worn) {rC+ Dex+4}
   (You found it on level 2 of the Vaults)

   It affects your dexterity (+4).
   It protects you from cold.
Rods
 h - a +5 rod of shadows (12/12)
   (You found it in a labyrinth)
 R - a +2 lightning rod (10/10)
   (You took it off a deep elf sorcerer on level 3 of the Elven Halls)
 S - a +5 rod of clouds (11/11)
   (You took it off a deep elf annihilator on level 3 of the Elven Halls)
Jewellery
 v - an uncursed ring of sustain attributes {unknown}
 x - a +6 amulet of reflection (around neck)
 A - the ring of Wolak (right hand) {rPois rN+ MP+9 Str-2 Slay+3}
   (You bought it in a shop on level 13 of the Dungeon)

   [ring of slaying]

   It affects your strength (-2).
   It affects your accuracy and damage with ranged weapons and melee attacks
   (+3).
   It protects you from poison.
   It protects you from negative energy.
   It affects your magic capacity (+9).
 L - a +5 ring of evasion (left hand)
Wands
 e - a wand of teleportation (7/9)
 w - a wand of acid (1/15)
 C - a wand of iceblast (9/15)
 K - a wand of iceblast (2/15)
 P - a wand of digging (7/24)
Scrolls
 g - 5 scrolls of identify
 k - 5 scrolls of blinking
 t - a scroll of enchant armour
 u - 18 scrolls of remove curse
 y - 5 scrolls of teleportation
 B - 2 scrolls of magic mapping
 I - 2 scrolls of fog
 M - 4 scrolls of immolation
 O - a scroll of enchant weapon
 Q - 2 scrolls of fear
Potions
 o - 11 potions of haste
 q - 6 potions of ambrosia
 r - 19 potions of curing
 z - 4 potions of cancellation
 H - 4 potions of invisibility
 J - 4 potions of berserk rage
 W - 7 potions of heal wounds
Miscellaneous
 m - a fan of gales
 D - a lamp of fire (inert)
 E - a stone of tremors (inert)
 F - a box of beasts {used: 8}
 N - a phantom mirror
Comestibles
 b - 11 meat rations
 f - 20 bread rations


   Skills:
 - Level 10.0 Fighting
 - Level 10.5 Short Blades
   Level 1.0 Crossbows
 - Level 2.0 Throwing
 - Level 11.4 Armour
 * Level 14.9 Dodging
 - Level 10.4 Stealth
 * Level 17.7 Shields
 - Level 14.7 Spellcasting
 - Level 14.0 Charms
 - Level 10.1 Evocations


You had 33 spell levels left.
You knew the following spells:

 Your Spells              Type           Power        Failure   Level  Hunger
a - Repel Missiles        Chrm/Air       ####..       1%          2    None
b - Swiftness             Chrm/Air       ####....     1%          2    None
c - Haste                 Chrm           ######..     6%          6    ######.
d - Deflect Missiles      Chrm/Air       ####......   85%         6    ######.


Dungeon Overview and Level Annotations

Branches:
Dungeon (15/15)            Temple (1/1) D:4            Lair (8/8) D:9
 Shoals (4/4) Lair:4       Spider (4/4) Lair:6        Slime (0/6) Lair:6
    Orc (2/2) D:11            Elf (3/3) Orc:2        Vaults (5/5) D:14
  Crypt (3/3) Vaults:3       Tomb (0/3) Crypt:3      Depths (0/5) D:15

Altars:
Ashenzari
Cheibriados
Dithmenos
Elyvilon
Fedhas
Gozag
Kikubaaqudgha
Makhleb
Nemelex Xobeh
Okawaru
Pakellas
Qazlal
Ru
Sif Muna
Trog
Vehumet
Xom
Yredelemnul
Zin
The Shining One
Beogh
Jiyva

Shops:
D:2 *   D:4 %   D:5 ?   D:8 ([   D:9 *   D:11 [   D:12 *%   D:13 =   D:15 :[[[
Orc:2 *:}}   Elf:1 :   Elf:2 }*!=   Elf:3 *

Portals:
Hell: Lair:8

Annotations:
D:5 Sagrath01's ghost, novice DsWn
Elf:2 5 runed doors


Innate Abilities, Weirdness & Mutations

You have a pair of large horns on your head.
You have an unnaturally thin skeletal structure (Dex +6, Stealth++).
You resist negative energy.
You sometimes gain power by taking damage.
When hurt, damage is shared between your health and your magic reserves.
You regenerate magic rapidly.
When low on magic, you restore magic in place of health.
You have sharp fingernails.
You have large cloven feet.
You possess an exceptional clarity of mind.
Your flesh is cold resistant.
You are resistant to hostile enchantments.
You evolve.


Message History

The quicksilver dragon roars!
The quicksilver dragon is no longer distracted by gold.
The sphinx is no longer distracted by gold.
The freezing wraith is no longer distracted by gold.
The sphinx is distracted by the nearby gold.
The freezing wraith is distracted by the nearby gold.
The yaktaur captain is distracted by the nearby gold.
The sphinx shouts!
The yaktaur captain shouts!
The vault warden is no longer distracted by gold.
The quicksilver dragon breathes dispelling energy at you.
The bolt of dispelling energy hits you!
Your magical effects are unravelling.
Your magical contamination has completely faded away.
* * * LOW HITPOINT WARNING * * *
You focus on the pain.
You feel agile all of a sudden.
The titan waves its arms in wide circles.
The air twists around and violently strikes you in flight!
You die...
Your body crumbles into a pile of gold.

.......(#....#..........(#
######..#....#.....$.(..##
#..#....#..)).$.$.## $
#..#....#..(..$$###
#..#....#.).$$$$#
#..#....#(..$.#'......
#..#....#...###.......
#..# #()##.......... #@##
.......?.. #$# $......p.:.
#D##$.........[ $ #pp##
......... $
#$HC###........
#C($W.#'....... #.c...$$#
#..$$$..###
#$.#$$..#..$......# $


You could see a titan, a quicksilver dragon, a sphinx, a vault warden, a yaktaur
captain and a vault sentinel.

Vanquished Creatures
  Norris (Elf:3)
  A curse toe (Crypt:3)
  Nikola (Vaults:1)
  Xtahua (Vaults:3)
  A bone dragon (Crypt:3)
  The ghost of gruber the Impregnable, an adept MiBe of Trog (Crypt:2)
  2 tentacled monstrosities (Vaults:5)
  2 liches (Crypt:3)
  A titan (Vaults:5)
  2 deep elf blademasters (Elf:3)
  2 deep elf master archers (Elf:3)
  A sphinx (Vaults:5)
  2 ancient champions (Crypt:3)
  2 tengu reavers (Vaults:5)
  3 shadow dragons (Vaults:5)
  2 frost giants
  A fire giant (Vaults:5)
  2 ghost moths (Spider:4)
  Wiglaf (Vaults:3)
  13 vault wardens
  8 deep elf sorcerers
  Aizul (Vaults:2)
  Donald (Spider:4)
  A ghoul (Vaults:3)
  9 ironheart preservers
  4 deep elf elementalists
  4 emperor scorpions (Spider:4)
  A vampire knight (Crypt:1)
  4 stone giants
  4 war gargoyles (Vaults:5)
  2 reapers (Crypt:3)
  6 deep elf demonologists
  A salamander stormcaller (D:15)
  6 deep elf annihilators
  2 spark wasps (Spider:4)
  3 dire elephants
  4 ettins
  7 merfolk impalers (Shoals:4)
  2 eidola
  Josephine (D:11)
  2 deep elf high priests
  6 deep elf death magi
  A minotaur (Lab)
  26 vault guards
  A fire dragon (Vaults:3)
  9 yaktaur captains
  A rakshasa (Vaults:2)
  A great orb of eyes (D:15)
  4 entropy weavers
  8 hydras
  8 ogre magi
  7 centaur warriors
  A hell beast (Lair:8)
  Erica (D:9)
  2 ice dragons
  5 merfolk aquamancers
  2 vampire magi
  3 death knights
  A deep troll earth mage (Vaults:5)
  2 tengu warriors (D:15)
  A deep troll shaman (Vaults:5)
  3 orc high priests (Orc:2)
  Urug (D:11)
  19 deep elf knights
  2 spectral emperor scorpions (Spider:4)
  A fire crab (Vaults:4)
  8 death scarabs (Spider:4)
  5 sea snakes
  14 skeletal warriors
  6 deep trolls
  A spectral wolf spider (Spider:4)
  3 wizards
  The ghost of ilikecats the Covert, a novice SpAr of Elyvilon (D:10)
  2 flayed ghosts (Crypt:3)
  3 unseen horrors
  15 deep elf archers
  2 harpies (Shoals:4)
  23 orc knights
  A lindwurm (D:14)
  A phantasmal warrior (Crypt:3)
  12 ironbrand convokers
  3 hill giants
  Pikel (D:8)
  5 orb spiders
  6 cyclopes
  3 necromancers
  3 wolf spider zombies
  A tengu skeleton (Vaults:4)
  6 hornets
  58 deep elf magi
  24 wolf spiders
  An oklob plant (Lair:8)
  3 orc sorcerers
  30 ugly things
  An apis zombie (Crypt:3)
  3 fauns (Shoals:2)
  6 griffons
  2 stone giant zombies
  5 manticores
  A frost giant zombie (Vaults:2)
  5 salamanders
  3 sirens
  A stone giant skeleton (Vaults:5)
  An iron dragon skeleton (Crypt:3)
  4 centaur zombies
  2 moths of wrath (Spider:4)
  8 elephants
  An octopode (Orc:1)
  A black mamba (shapeshifter) (Vaults:1)
  4 water nymphs
  Joseph (Lair:1)
  4 orange demons (Lair:8)
  A water nymph (shapeshifter) (D:14)
  10 vault sentinels
  3 black mambas
  A torpor snail (Spider:4)
  A spectral redback (Spider:4)
  4 freezing wraiths
  2 orc skeletons
  10 spiny frogs
  29 yaktaurs
  A centaur skeleton (D:15)
  3 kobold demonologists
  A pale draconian zombie (Crypt:3)
  An elf zombie (Vaults:5)
  3 rime drakes (Lair:6)
  4 komodo dragons
  2 ice devils (Lair:8)
  An efreet (D:15)
  A redback zombie (Spider:4)
  12 demonic crawlers
  A hellwing (Lair:8)
  4 human skeletons
  6 trolls
  7 merfolk
  A red devil (Lair:8)
  2 tengu conjurers
  35 jumping spiders
  6 polar bears
  2 queen bees (shapeshifter)
  2 spectral jumping spiders (Spider:4)
  2 polar bears (shapeshifter)
  A tengu simulacrum (Vaults:4)
  5 spectral tarantellas (Spider:4)
  2 tarantella zombies (Spider:4)
  6 slime creatures (Vaults:3)
  16 blink frogs
  A boulder beetle (Vaults:5)
  A jumping spider zombie (Crypt:3)
  18 two-headed ogres
  A hornet zombie (D:15)
  A fire giant simulacrum (Vaults:5)
  2 human simulacra
  2 snapping turtles (Shoals:4)
  5 air elementals
  A salamander simulacrum (Vaults:1)
  A yak (shapeshifter) (Elf:2)
  An ettin skeleton (Vaults:4)
  2 fire elementals (Elf:1)
  5 wraiths
  41 yaks
  46 redbacks
  16 tarantellas
  10 water elementals
  10 hippogriffs
  A hippogriff (shapeshifter) (D:15)
  5 basilisks
  23 vampire mosquitoes
  3 hungry ghosts
  A mottled dragon (Vaults:1)
  5 wargs
  A soldier ant (shapeshifter) (Elf:1)
  3 hell hounds (Lair:8)
  15 water moccasins
  10 porcupines
  59 orc warriors
  9 black bears (Lair:2)
  2 black bears (shapeshifter)
  4 ice beasts
  4 sky beasts
  A swamp drake (D:11)
  An eye of draining (shapeshifter) (Vaults:1)
  3 necrophages
  A wasp (D:13)
  39 ogres
  24 wolves
  2 phantoms (D:6)
  20 centaurs
  22 crocodiles
  A rime drake skeleton (Crypt:3)
  11 big kobolds
  2 gnoll sergeants
  15 giant frogs
  4 earth elementals
  A wyvern skeleton (D:13)
  A queen bee zombie (Crypt:3)
  13 killer bees
  4 scorpions
  13 wights
  3 electric eels
  8 crimson imps
  8 hounds
  4 jellies
  28 orc wizards
  52 orc priests
  A giant frog skeleton (D:10)
  12 iguanas
  7 hell rats (Lair:5)
  7 worker ants
  22 sheep
  2 hound skeletons
  17 gnolls
  2 worker ant zombies
  12 adders
  95 river rats
  A hound simulacrum (D:11)
  5 shadow imps
  3 oozes
  3 adder skeletons
  2 dart slugs
  9 giant geckos
  169 orcs
  4 giant cockroaches
  12 goblins
  4 hobgoblins (D:1)
  2 jackals (D:7)
  22 kobolds
  6 quokkas
  2 ball pythons
  13 bats
  2 giant gecko skeletons (D:4)
  6 giant newts
  16 rats
  A butterfly (Lair:1)
  2 fungi
  14 plants
1778 creatures vanquished.

Vanquished Creatures (collateral kills)
  A titan (Vaults:5)
  A storm dragon (Vaults:5)
  2 tengu reavers (Vaults:5)
  2 ironheart preservers (Vaults:5)
  A deep elf elementalist (Elf:3)
  A deep elf demonologist (Elf:3)
  2 deep elf annihilators (Elf:3)
  A vault guard (Vaults:2)
  A deep elf death mage (Elf:3)
  A deep elf high priest (Vaults:5)
  A hydra (D:15)
  A dancing weapon (Elf:3)
  A deep troll earth mage (Vaults:5)
  An orc high priest (Orc:2)
  A hell knight (Vaults:4)
  2 deep elf knights (Vaults:5)
  A deep troll (Vaults:5)
  An ironbrand convoker (Vaults:5)
  An orc knight (Vaults:2)
  A deep elf mage (Vaults:5)
  A yaktaur (shapeshifter) (Vaults:5)
  A freezing wraith (Crypt:3)
  A yaktaur (Vaults:5)
  A merfolk (Shoals:4)
  A wraith (Crypt:3)
  A blink frog skeleton (Crypt:3)
  A killer bee (shapeshifter) (Vaults:5)
  A yaktaur simulacrum (Vaults:1)
  A bush (Lair:8)
33 creatures vanquished.

Vanquished Creatures (others)
  Arachne (Spider:2)
  A deep elf elementalist (Elf:3)
  10 dancing weapons
  4 deep elf archers
  A deep elf mage (Elf:3)
  A cyclops (Vaults:2)
  2 yaktaurs
  An orc warrior (Orc:2)
  2 slaves (D:9)
  A river rat (D:9)
  A giant gecko (D:9)
  An orc (D:11)
  A bat (D:9)
  A kobold (D:9)
  A rat (D:9)
  4 fungi
  2 lost souls (Crypt:3)
  2 plants (Elf:3)
37 creatures vanquished.

Grand Total: 1848 creatures vanquished

Notes
Turn   | Place    | Note
--------------------------------------------------------------
     0 | D:1      | Chiseanne the Demonspawn Wanderer began the quest for the Orb.
     0 | D:1      | Chiseanne set off with: a curare-tipped needle, a +2 blowgun, a +0 short sword, a potion of lignification, a +0 robe, a bread ration
     0 | D:1      | Reached XP level 1. HP: 16/16 MP: 1/1
   230 | D:1      | Gained mutation: When hurt, damage is shared between your health and your magic reserves. [demonic ancestry]
   230 | D:1      | Reached XP level 2. HP: 23/23 MP: 2/2
   658 | D:1      | Gained mutation: You have a somewhat thin skeletal structure (Dex +2, Stealth). [demonic ancestry]
   658 | D:1      | Reached XP level 3. HP: 25/28 MP: 1/3
  1088 | D:2      | Found Gozag's Platinum Reserve.
  1100 | D:2      | Found an oddly glowing altar of Pakellas.
  1205 | D:2      | Gained mutation: You have a pair of small horns on your head. [demonic ancestry]
  1205 | D:2      | Reached XP level 4. HP: 34/34 MP: 4/4
  1364 | D:2      | Found an opulent altar of Gozag.
  1393 | D:2      | Became a worshipper of Gozag Ym Sagoz the Greedy
  1804 | D:3      | Found a faded altar to an unknown god.
  1858 | D:3      | Found a basalt altar of Yredelemnul.
  2158 | D:4      | Noticed a centaur
  2169 | D:4      | Killed a centaur
  2169 | D:4      | Gained mutation: You have a pair of horns on your head. [demonic ancestry]
  2169 | D:4      | Reached XP level 5. HP: 33/41 MP: 5/5
  2233 | D:4      | Found a blossoming altar of Fedhas.
  2440 | D:4      | Found a snail-covered altar of Cheibriados.
  2480 | D:4      | Reached XP level 6. HP: 48/48 MP: 6/6
  2489 | D:4      | Found Immulau's Food Emporium.
  2805 | D:4      | Found a staircase to the Ecumenical Temple.
  3110 | Temple   | Entered the Ecumenical Temple
  3241 | D:5      | Entered Level 5 of the Dungeon
  3256 | D:5      | Got a fine long sword
  3257 | D:5      | Identified the +4 long sword of Anger {speed, Int+3} (You found it on level 5 of the Dungeon)
  3354 | D:5      | Found Elleidieggi's Magic Scroll Shoppe.
  3360 | D:5      | Bought a scroll of enchant weapon for 97 gold pieces
  3360 | D:5      | Bought a scroll of teleportation for 39 gold pieces
  3360 | D:5      | Bought a scroll of amnesia for 45 gold pieces
  3360 | D:5      | Bought a scroll of enchant armour for 97 gold pieces
  3360 | D:5      | Bought a scroll of identify for 26 gold pieces
  3360 | D:5      | Bought a scroll of identify for 26 gold pieces
  3410 | D:5      | Gained mutation: You have a pair of large horns on your head. [potion of beneficial mutation]
  3534 | D:5      | Noticed Sagrath01's ghost (novice DsWn)
  3823 | D:6      | Gained mutation: You regenerate magic rapidly. [demonic ancestry]
  3823 | D:6      | Reached XP level 7. HP: 54/54 MP: 7/7
  3901 | D:5      | Bought a scroll of identify for 26 gold pieces
  3956 | D:5      | Found a shattered altar of Ashenzari.
  4738 | D:6      | Reached skill level 5 in Fighting
  4832 | D:6      | Reached XP level 8. HP: 31/62 MP: 4/8
  4837 | D:6      | Reached skill level 5 in Dodging
  5534 | D:6      | Reached skill level 5 in Stealth
  5771 | D:6      | Found a stormy altar of Qazlal.
  5778 | D:6      | Found a deep blue altar of Sif Muna.
  5779 | D:6      | Found an ancient bone altar of Kikubaaqudgha.
  5881 | D:6      | Reached skill level 5 in Armour
  5894 | D:6      | HP: 3/64 [iguana (6)]
  5900 | D:6      | HP: 2/64 [poisoned by an orc wizard]
  5908 | D:6      | HP: 1/64 [poisoned by an orc wizard]
  6782 | D:7      | Gained mutation: You have a moderately thin skeletal structure (Dex +4, Stealth+). [demonic ancestry]
  6782 | D:7      | Reached XP level 9. HP: 39/69 MP: 7/9
  8620 | D:8      | Found Zuocuck's Antique Armour Emporium.
  8623 | D:8      | Bought a pair of warped boots for 266 gold pieces
  8631 | D:8      | Identified the cursed +0 pair of boots "Onutz" {Int+6} (You bought it in a shop on level 8 of the Dungeon)
  8632 | D:8      | Bought a pair of runed gloves for 126 gold pieces
  8880 | D:9      | Noticed Pikel
  8888 | D:8      | Killed Pikel
  8888 | D:8      | Mutation became permanent: You have a pair of large horns on your head. [demonic ancestry]
  8888 | D:8      | Reached XP level 10. HP: 73/80 MP: 8/10
  9046 | D:8      | Bought a glowing leather armour for 56 gold pieces
  9101 | D:9      | Noticed Erica
  9119 | D:9      | Killed Erica
  9149 | D:9      | Found Toporof's General Store.
  9153 | D:9      | Bought a potion of curing for 36 gold pieces
  9153 | D:9      | Bought a meat ration for 60 gold pieces
  9385 | D:9      | Found a staircase to the Lair.
  9469 | D:9      | Got a faintly humming leather armour
  9480 | D:9      | Got a fabulously ornate robe
  9498 | D:9      | Identified the cursed +0 robe "Oriab" {+Inv +Fly Str+5} (You found it on level 9 of the Dungeon)
  9502 | D:9      | Identified the cursed +1 leather armour "Atyblur" {rElec MR+ SInv} (You found it on level 9 of the Dungeon)
  9891 | D:10     | Entered Level 10 of the Dungeon
  9981 | D:10     | Reached skill level 1 in Evocations
 10037 | D:10     | Noticed ilikecats's ghost (novice SpAr)
 10404 | D:10     | Noticed an unseen horror
 10429 | D:10     | Killed an unseen horror
 10429 | D:10     | Gained mutation: You resist negative energy. [demonic ancestry]
 10429 | D:10     | Reached XP level 11. HP: 68/89 MP: 9/12
 10436 | D:10     | Killed ilikecats's ghost
 10563 | D:10     | Noticed a hill giant
 10581 | D:10     | Killed a hill giant
 10860 | D:10     | Noticed a hill giant
 10866 | D:10     | Killed a hill giant
 11066 | D:11     | Noticed Urug
 11074 | D:11     | Killed Urug
 11074 | D:11     | Reached skill level 1 in Shields
 11514 | D:11     | Noticed a centaur warrior
 11533 | D:11     | Killed a centaur warrior
 11536 | D:11     | Reached skill level 2 in Shields
 11763 | D:11     | Found a staircase to the Orcish Mines.
 12383 | D:11     | Noticed Josephine
 12437 | D:11     | Killed Josephine
 12437 | D:11     | Reached skill level 10 in Fighting
 12751 | D:11     | Noticed an ettin
 12752 | D:11     | Noticed a frost giant
 12758 | D:11     | Reached skill level 3 in Shields
 13261 | D:11     | Bought the cursed +0 chain mail of the Soldier {rF- rC+ Str+6 Slay+3} for 337 gold pieces
 13342 | D:11     | Reached skill level 5 in Evocations
 13437 | D:11     | Killed a frost giant
 13437 | D:11     | Reached XP level 12. HP: 60/97 MP: 7/15
 13762 | D:12     | Found Humoplor's General Store.
 13823 | D:12     | Bought a scroll of immolation for 52 gold pieces
 13862 | D:12     | Reached skill level 10 in Stealth
 13875 | D:12     | Reached skill level 4 in Shields
 14343 | D:12     | Found Ufaest's Food Boutique.
 14581 | D:13     | Found a labyrinth entrance.
 14605 | Lab      | Entered a labyrinth
 14711 | Lab      | Found an exit through the horrors of the Abyss.
 14764 | Lab      | Noticed a minotaur
 14774 | Lab      | Killed a minotaur
 14802 | Lab      | Got a pitted spear
 14802 | Lab      | Got an ichor-stained scale mail
 14804 | Lab      | Identified a scroll of acquirement
 14820 | Lab      | Identified a +5 rod of shadows (12/12) (You found it in a labyrinth)
 14896 | D:13     | Found an iron altar of Okawaru.
 15053 | D:13     | Reached skill level 10 in Dodging
 15092 | D:13     | Found a flagged portal.
 15099 | Bailey   | Entered a bailey
 15211 | Bailey   | Reached skill level 5 in Shields
 15277 | Bailey   | Gained mutation: You evolve. [potion of beneficial mutation]
 15305 | Bailey   | HP: 1/97 [orc/spear (4)]
 15485 | Bailey   | Identified the +6 spear "Anera" {pierce, rPois Dex+3} (You found it in a labyrinth)
 15993 | Bailey   | Got a shimmering buckler
 16004 | Bailey   | Identified the +0 buckler of the Eleven Eyes {rF+ Dex+4 SInv} (You acquired it in a bailey)
 16095 | D:13     | Identified the +1 scale mail of Activism {rElec rCorr} (You found it in a labyrinth)
 16301 | D:13     | Noticed an ogre mage
 16301 | D:13     | Reached skill level 6 in Shields
 16305 | D:13     | Noticed a centaur warrior
 16327 | D:13     | Killed an ogre mage
 16327 | D:13     | Gained mutation: You have an unnaturally thin skeletal structure (Dex +6, Stealth++). [demonic ancestry]
 16327 | D:13     | Reached XP level 13. HP: 51/103 MP: 9/16
 16779 | D:13     | Gained mutation: You have sharp toenails. [evolution]
 16926 | D:13     | Bought the ring of Wolak {rPois rN+ MP+9 Str-2 Slay+3} for 562 gold pieces
 16954 | D:13     | Bought a +6 amulet of reflection for 250 gold pieces
 17152 | D:14     | Noticed a salamander stormcaller
 17160 | D:14     | Reached skill level 7 in Shields
 17554 | D:14     | Reached skill level 10 in Armour
 17570 | D:14     | Reached skill level 8 in Shields
 18235 | D:14     | Noticed Snorg
 18239 | D:14     | Noticed Snorg
 18239 | D:14     | Snorg changed into Snorg the elephant
 18246 | D:14     | Killed Snorg the elephant
 18621 | D:15     | Entered Level 15 of the Dungeon
 18691 | D:15     | Reached skill level 9 in Shields
 18989 | D:15     | Killed a salamander stormcaller
 18989 | D:15     | Reached XP level 14. HP: 70/110 MP: 17/17
 19114 | D:15     | Reached skill level 10 in Shields
 19288 | D:15     | Found a staircase to the Depths.
 19292 | D:15     | Paralysed by a great orb of eyes for 2 turns
 19889 | D:15     | Found a sacrificial altar of Ru.
 20088 | D:15     | Reached skill level 11 in Shields
 20130 | D:14     | Gained mutation: You are resistant to hostile enchantments. [evolution]
 20198 | Orc:1    | Entered Level 1 of the Orcish Mines
 20245 | Orc:1    | Noticed a stone giant
 20259 | Orc:1    | Killed a stone giant
 20263 | Orc:1    | Reached skill level 12 in Shields
 20527 | Orc:1    | Found a roughly hewn altar of Beogh.
 20761 | Orc:2    | Entered Level 2 of the Orcish Mines
 20787 | Orc:2    | Found Suiheos's Magic Scroll Shop.
 20801 | Orc:2    | Bought a scroll of recharging for 133 gold pieces
 20801 | Orc:2    | Bought 3 scrolls of identify for 84 gold pieces
 20801 | Orc:2    | Bought a scroll of blinking for 105 gold pieces
 20801 | Orc:2    | Bought a scroll of blinking for 105 gold pieces
 20801 | Orc:2    | Bought a scroll of identify for 28 gold pieces
 20801 | Orc:2    | Bought a scroll of amnesia for 49 gold pieces
 20801 | Orc:2    | Bought a scroll of remove curse for 42 gold pieces
 21087 | Orc:2    | Found a staircase to the Elven Halls.
 21144 | Orc:2    | Reached skill level 13 in Shields
 21986 | Orc:2    | Reached skill level 14 in Shields
 22477 | Orc:2    | Found Fostoilu's General Store.
 22479 | Orc:2    | Found Pissy's Gadget Shop.
 22479 | Orc:2    | Found Dyug's Book Boutique.
 22480 | Orc:2    | Found Omikh's Gadget Boutique.
 22491 | Orc:2    | Bought a wand of teleportation (7/9) for 495 gold pieces
 22494 | Orc:2    | Bought a potion of heal wounds for 90 gold pieces
 22494 | Orc:2    | Bought a scroll of identify for 36 gold pieces
 22494 | Orc:2    | Bought a scroll of blinking for 135 gold pieces
 22494 | Orc:2    | Bought a scroll of identify for 36 gold pieces
 22494 | Orc:2    | Bought a scroll of enchant armour for 135 gold pieces
 22726 | D:15     | Bought a warped troll leather armour for 680 gold pieces
 22727 | D:15     | Identified the +0 troll leather armour of Suni {Regen+ SInv} (You bought it in a shop on level 15 of the Dungeon)
 22735 | D:15     | Upgraded the game from 0.18-a0-1655-ge2d8d33 to 0.18-a0-1666-g3ea6f2b
 22851 | D:11     | Reached skill level 15 in Shields
 22930 | Lair:1   | Entered Level 1 of the Lair of Beasts
 22939 | Lair:1   | Gained mutation: You rapidly evolve. [evolution]
 23446 | Lair:1   | Noticed Joseph
 23454 | Lair:1   | Killed Joseph
 23836 | Lair:2   | Reached XP level 15. HP: 115/115 MP: 19/19
 24744 | Lair:4   | Found a staircase to the Shoals.
 24843 | Lair:4   | Reached skill level 5 in Short Blades
 25480 | Lair:6   | Found an ancient bone altar of Kikubaaqudgha.
 25509 | Lair:6   | Found a viscous altar of Jiyva.
 25536 | Lair:6   | Found a staircase to the Slime Pits.
 25582 | Lair:6   | Identified Sif Muna's Collected Works on Shifting Air
 25690 | Lair:6   | Found a hole to the Spider Nest.
 26552 | Lair:8   | Entered Level 8 of the Lair of Beasts
 27146 | Lair:8   | Got a pair of transparent gloves
 27147 | Lair:8   | Identified the +0 pair of gloves of the Lair of Beasts {rN+} (You found it on level 8 of the Lair of Beasts)
 27475 | Lair:8   | Reached skill level 10 in Short Blades
 27585 | Lair:8   | Lost mutation: You have sharp toenails. [evolution]
 27604 | Lair:8   | Found a burning altar of Makhleb.
 27666 | Lair:8   | Found a gateway to Hell.
 28253 | D:15     | Gained mutation: You have large cloven feet. [potion of beneficial mutation]
 28260 | D:15     | Bought a pitted chain mail for 323 gold pieces
 28260 | D:15     | Bought a slimy scale mail for 306 gold pieces
 28263 | D:15     | Identified the cursed +0 chain mail of Terror {Str+3 Int+2} (You bought it in a shop on level 15 of the Dungeon)
 28265 | D:15     | Identified the +0 scale mail of Taicuim {*Drain rN+++} (You bought it in a shop on level 15 of the Dungeon)
 28270 | D:15     | Bought a twisted ring mail for 333 gold pieces
 28272 | D:15     | Identified the +2 ring mail "Kunesonk" {*Drain MR++ Int+4 Slay+5} (You bought it in a shop on level 15 of the Dungeon)
 28465 | Elf:1    | Entered Level 1 of the Elven Halls
 28490 | Elf:1    | Noticed a deep elf sorcerer
 28502 | Elf:1    | Reached skill level 1 in Spellcasting
 28511 | Elf:1    | Killed a deep elf sorcerer
 28807 | Elf:1    | Found Yggomn's Book Shop.
 28906 | Elf:1    | Gained mutation: You sometimes gain a little power by taking damage. [demonic ancestry]
 28906 | Elf:1    | Reached XP level 16. HP: 84/122 MP: 22/22
 29302 | Elf:1    | Got a jewelled leather armour
 29318 | Elf:1    | Identified the +1 leather armour "Gar Kumn" {rF+} (You found it on level 1 of the Elven Halls)
 29339 | Elf:1    | Reached skill level 5 in Spellcasting
 29436 | Elf:1    | Noticed a Hell Sentinel
 29908 | Elf:2    | Found Rimiunar's General Store.
 29931 | Elf:2    | Bought a potion of curing for 60 gold pieces
 29931 | Elf:2    | Bought a potion of haste for 200 gold pieces
 29931 | Elf:2    | Bought a scroll of immolation for 70 gold pieces
 30015 | Elf:2    | Found a huge runed gate.
 30015 | Elf:2    | Found a huge runed gate.
 30015 | Elf:2    | Found a huge runed gate.
 30015 | Elf:2    | Found a huge runed gate.
 30016 | Elf:2    | Found a huge runed gate.
 30089 | Elf:2    | Found Haajiwk's Distillery.
 30158 | Elf:2    | Bought a potion of magic for 136 gold pieces
 30158 | Elf:2    | Bought a potion of haste for 170 gold pieces
 30158 | Elf:2    | Bought 2 potions of curing for 102 gold pieces
 30158 | Elf:2    | Bought a potion of heal wounds for 85 gold pieces
 30158 | Elf:2    | Bought 2 potions of curing for 102 gold pieces
 30158 | Elf:2    | Bought a potion of heal wounds for 85 gold pieces
 30158 | Elf:2    | Bought 2 potions of haste for 340 gold pieces
 30158 | Elf:2    | Bought a potion of heal wounds for 85 gold pieces
 30158 | Elf:2    | Bought a potion of curing for 51 gold pieces
 30158 | Elf:2    | Bought a potion of curing for 51 gold pieces
 30158 | Elf:2    | Bought a potion of agility for 68 gold pieces
 30158 | Elf:2    | Bought a potion of flight for 51 gold pieces
 30170 | Elf:2    | Found Itsidiw's Jewellery Shoppe.
 30211 | Elf:2    | Bought a cursed -6 ring of slaying for 30 gold pieces
 30352 | Elf:2    | Found Solotuemn's Gadget Shop.
 30388 | Elf:2    | Bought a box of beasts for 280 gold pieces
 30492 | Elf:2    | Reached skill level 10 in Spellcasting
 30514 | Elf:3    | Entered Level 3 of the Elven Halls
 30797 | Elf:3    | Found Efeive's Assorted Antiques.
 30808 | Elf:3    | Bought a scroll of identify for 60 gold pieces
 30808 | Elf:3    | Bought a scroll of fear for 105 gold pieces
 30850 | Elf:3    | Noticed Norris
 30865 | Elf:3    | Killed Norris
 31185 | Elf:3    | Noticed a deep elf blademaster
 31233 | Elf:3    | Killed a deep elf blademaster
 31250 | Elf:3    | Noticed a deep elf blademaster
 31255 | Elf:3    | Killed a deep elf blademaster
 31259 | Elf:3    | Gained mutation: You sometimes gain power by taking damage. [demonic ancestry]
 31259 | Elf:3    | Reached XP level 17. HP: 92/128 MP: 31/31
 31267 | Elf:3    | Noticed a deep elf master archer
 31306 | Elf:3    | Killed a deep elf master archer
 31355 | Elf:3    | Noticed a deep elf master archer
 31367 | Elf:3    | Killed a deep elf master archer
 31375 | Elf:3    | Reached skill level 10 in Evocations
 32200 | Elf:3    | Got a coiled diamond amulet
 32303 | Elf:3    | Gained mutation: You possess an exceptional clarity of mind. [evolution]
 32303 | Elf:3    | Lost mutation: You rapidly evolve. [end of evolution]
 32371 | Elf:3    | Identified a +5 rod of clouds (11/11) (You took it off a deep elf annihilator on level 3 of the Elven Halls)
 32461 | Elf:3    | Identified the amulet "Teatheut" {Gourm +Blink rF+ Str+6 Dex-2} (You took it off a deep elf sorcerer on level 3 of the Elven Halls)
 32526 | Elf:3    | Identified Qiejoco's Compendium of Noxious Enhancements
 32530 | Elf:3    | Learned a level 2 spell: Repel Missiles
 32533 | Elf:3    | Identified the Collected Works on Hurtful Creation
 32570 | Elf:3    | Got an ancient short sword
 32571 | Elf:3    | Identified the +6 short sword "Nuyhot" {elec, MR+ Int+3} (You found it on level 3 of the Elven Halls)
 32887 | D:15     | Learned a level 2 spell: Swiftness
 33147 | Shoals:1 | Entered Level 1 of the Shoals
 33148 | Shoals:1 | Reached skill level 1 in Charms
 33624 | Shoals:4 | Entered Level 4 of the Shoals
 33700 | Shoals:4 | Reached skill level 5 in Charms
 33979 | Shoals:4 | Got a barnacled rune of Zot
 34226 | Spider:1 | Entered Level 1 of the Spider Nest
 34381 | Spider:1 | Reached XP level 18. HP: 53/134 MP: 32/32
 35072 | Spider:2 | Learned a level 6 spell: Haste
 35135 | Spider:2 | Noticed Arachne
 35151 | Spider:2 | Killed Arachne
 35278 | Spider:4 | Entered Level 4 of the Spider Nest
 35293 | Spider:4 | Noticed Donald
 35316 | Spider:4 | Killed Donald
 35500 | Spider:4 | Reached skill level 10 in Charms
 36265 | Spider:4 | Got a gossamer rune of Zot
 36845 | D:15     | Bought a pair of brightly glowing gloves for 313 gold pieces
 36845 | D:15     | Identified the +2 pair of gloves "Xegge" {Str+4 Dex+3} (You bought it in a shop on level 15 of the Dungeon)
 36866 | D:15     | Bought a bloodstained chain mail for 313 gold pieces
 36866 | D:15     | Identified the +5 chain mail "Qoafruep" {Str+6 Int-4} (You bought it in a shop on level 15 of the Dungeon)
 37152 | Vaults:1 | Entered Level 1 of the Vaults
 37170 | Vaults:1 | Found a roughly hewn altar of Beogh.
 37298 | Vaults:1 | Gained mutation: Your flesh is cold resistant. [evolution]
 37454 | Vaults:1 | Noticed Nikola
 37470 | Vaults:1 | Killed Nikola
 37691 | Vaults:1 | Gained mutation: When low on magic, you restore magic in place of health. [demonic ancestry]
 37691 | Vaults:1 | Reached XP level 19. HP: 140/140 MP: 34/34
 38704 | Vaults:2 | Got a distressingly furry cloak
 38711 | Vaults:2 | Identified the +0 cloak of the Hidden Vale {rC+ Dex+4} (You found it on level 2 of the Vaults)
 39230 | Vaults:2 | You are sucked into a shaft!
 39582 | Vaults:3 | Identified the Handbook of Shifting Stones
 39618 | Vaults:3 | Found a staircase to the Crypt.
 39788 | Vaults:3 | Noticed Xtahua
 39849 | Vaults:3 | Killed Xtahua
 39865 | Vaults:3 | Noticed Wiglaf
 39918 | Vaults:3 | Killed Wiglaf
 40696 | Vaults:2 | Noticed Aizul
 40716 | Vaults:2 | Killed Aizul
 40859 | Vaults:2 | Reached XP level 20. HP: 130/147 MP: 38/38
 41146 | D:15     | Learned a level 6 spell: Deflect Missiles
 41168 | D:15     | Bought a spiked ice dragon armour for 2145 gold pieces
 41168 | D:15     | Identified the +2 ice dragon armour of Xiem Cig {rF- rC++ Dex+4} (You bought it in a shop on level 15 of the Dungeon)
 41442 | Crypt:1  | Entered Level 1 of the Crypt
 41487 | Crypt:2  | Noticed gruber's ghost (adept MiBe)
 41541 | Crypt:2  | Killed gruber's ghost
 41727 | Crypt:3  | Entered Level 3 of the Crypt
 42093 | Crypt:3  | Found a staircase to the Tomb.
 42102 | Crypt:3  | Noticed a bone dragon
 42102 | Crypt:3  | Noticed a curse toe
 42106 | Crypt:3  | Killed a curse toe
 42148 | Crypt:3  | Killed a bone dragon
 42983 | Crypt:3  | Gained mutation: You have sharp fingernails. [evolution]
 43538 | Vaults:3 | Reached skill level 16 in Shields
 43861 | Vaults:5 | Entered Level 5 of the Vaults
 44221 | Vaults:5 | Reached XP level 21. HP: 108/153 MP: 37/39
 44221 | Vaults:5 | Reached skill level 17 in Shields
 45234 | Vaults:5 | Killed from afar by a titan

Vault maps used:
D:1:      lemuel_arrival_funnel
D:2:      lemuel_doored_altar, nicolae_gozag_zags_fifth_avenue, minivault_27,
          kennysheep_nondescript
D:3:      yredelemnul_altar_generic, ecumenical_altar_1
D:4:      marbit_many_paths, minmay_temple_entry_enclosed_plants, serial_shops,
          shop, first_bread, hangedman_decor_slide_cut, fedhas_altar_1
D:5:      evilmike_ruin_ashenzari, serial_shops, nicolae_shop_crystal
D:6:      minitemple, serial_glass, glass_columns_b, glass_columns_a
D:8:      serial_shops, shop
D:9:      grunt_lair_entry_orc_guard_hut, serial_shops, shop,
          minmay_door_square, uniq_erica, uniq_pikel
D:10:     grunt_tengu_nest
D:11:     minmay_klotski, erik_orc_1, serial_co_window_serial,
          co_window_corner_a, co_window_of_opportunity_a, co_window_paths_a,
          co_window_corner_a, co_window_corner_a, co_window_of_opportunity_a,
          co_window_paths_b, co_window_broadway_a, co_window_of_opportunity_c,
          glass_columns_a, glass_columns_b, glass_columns_b,
          minmay_misc_feat_rugged, uniq_urug, uniq_josephine
D:12:     serial_shops, shop, nicolae_shop_stone, roderic_serpentine_path
D:13:     lab_entry_generic, enter_bailey_7, david_defended_altar_orc
D:14:     david_vaults_4, hangedman_decor_opposing, uniq_snorg
D:15:     hangedman_depths_entry_try_elsewhere_first, minmay_stone_trees_small,
          nicolae_ru_awakened_eye
Temple:   temple_eino_lava_12
Lair:1:   lemuel_fruit_fields, uniq_joseph
Lair:2:   beast_lair_carwin_large_4, serial_bayou_shore_b
Lair:3:   serial_bayou_pond_a, serial_bayou_shore_b, grunt_megastairs_1
Lair:4:   shoals_dummy_entry
Lair:5:   infiniplex_staircase_pool_2
Lair:6:   spider_nest_entry_web_field, slime_altar_1, basic_altar,
          minmay_lair_drake_nest
Lair:7:   grunt_megastairs_5
Lair:8:   evil_forest, minivault_23, minmay_lair_oklob_bushes
Shoals:3: nicolae_shoals_c_island
Shoals:4: shoals_end_simple, shoals_ilsuiw_ice, uniq_jorgrun
Spider:2: cheibrodos_spider_creepycove, guppyfry_spider_mini_3, uniq_arachne
Spider:3: nicolae_spider_hall_of_the_moth_king, spider_trap,
          nicolae_spider_cling_halls, uniq_mara
Spider:4: floodkiller_spider_rune_tomb, special_room, nicolae_spider_nook,
          uniq_donald
Orc:1:    statue_in_the_mist_lemuel, minmay_orc_temple_a
Orc:2:    st_orc_pillars, serial_shops, nicolae_shop_crystal
Elf:1:    serial_shops, nicolae_shop_behind_doors,
          kennysheep_underground_church, kb_rosetta
Elf:2:    serial_shops, shop, nicolae_shop_stone, shop, shop, st_stairs_10
Elf:3:    elf_hall, serial_shops, nicolae_shop_window_shopping,
          hangedman_elven_pyramids, nicolae_elf_glass_and_crystal_pillar_2,
          solitary_fountain, uniq_norris
Vaults:1: ontoclasm_vaults_bender, nicolae_vaults_big_angled_halls, v_misc_4,
          v_misc_16, ontoclasm_vaults_eye, nicolae_vaults_shelves_hall,
          v_misc_17, vaults_room_grunt_arrival_ludios, special_room_vaults,
          uniq_nikola
Vaults:2: grunt_vaults_diagonal, nicolae_vaults_mini_display_case, v_misc_1,
          v_pattern_1, nicolae_vaults_ninety_degrees, v_misc_13,
          ontoclasm_vaults_spin, grunt_vaults_focal, nicolae_vaults_alarming,
          ontoclasm_vaults_idyll, ontoclasm_vaults_decontamination, uniq_aizul
Vaults:3: minmay_crypt_entry_simple_plaza, nicolae_vaults_border_crossing,
          hangedman_vaults_impose, nicolae_vaults_diagonal_hallway_7,
          ontoclasm_vaults_twist, nicolae_vaults_diagonal_hallway_7,
          special_room_vaults, v_rooms_1, serial_ice_m,
          ontoclasm_vaults_loading_screen, hangedman_vaults_cutoff,
          grunt_vaults_funnel, hangedman_vaults_pinch, vaults_room_door_ring,
          v_misc_15, serial_shops, shop, uniq_wiglaf, uniq_xtahua,
          uniq_saint_roka
Vaults:4: nicolae_vaults_little_squares_4,
          vaults_standard_mumra_enter_the_diamond, grunt_vaults_hallway_long,
          vaults_room_fours, v_misc_3, v_misc_8, vaults_room_door_ring,
          v_misc_17, vaults_mumra_minichess, nicolae_vaults_arrows, v_misc_25,
          dpeg_vaults_monster_box, ontoclasm_vaults_ligature, serial_shops,
          shop_coins
Crypt:1:  st_stairs_9, minivault_5, roderic_lattice_octagonal_star
Crypt:2:  serial_sigils, serial_sigils_hangedman_stare,
          serial_sigils_hangedman_scar, serial_sigils_hangedman_gut,
          serial_sigils_hangedman_quiver
Crypt:3:  david_glass_crypt
Lab:      labyrinth_green, labyrinth_skeletal_remains, nicolae_lab_plus,
          nicolae_lab_hexagon, labyrinth_fake_exit
Bailey:   bailey_polearm_5, bailey

Skill      XL: |  1  2  3  4  5  6  7  8  9 10 11 12 13 14 15 16 17 18 19 20 21 |
---------------+----------------------------------------------------------------+-----
Dodging        | 2 3 4 5 7 8 9 10 11 13 14 | 14.9
Armour         | 2 3 4 5 6 7 8 10 11 | 11.4
Fighting       | 3 4 5 6 7 9 10 | 10.0
Stealth        | 2 3 4 5 7 8 9 10 | 10.4
Throwing       | 2 |  2.0
Evocations     | 2 5 8 10 | 10.1
Shields        | 3 6 9 15 16 17 | 17.7
Short Blades   | 3 10 | 10.5
Spellcasting   | 4 10 11 14 | 14.7
Charms         | 7 12 13 14 | 14.0
Crossbows      | |  1.0

Action                   |  1- 3 |  4- 6 |  7- 9 | 10-12 | 13-15 | 16-18 | 19-21 || total
-------------------------+-------+-------+-------+-------+-------+-------+-------++-------
Melee: Short sword       |    84 |       |       |       |       |       |       ||    84
       Dagger            |    49 |   108 |     3 |    49 |       |       |       ||   209
       Long sword        |       |    19 |   264 |       |       |       |       ||   283
       Rapier            |       |       |    86 |   580 |  1326 |   982 |   525 ||  3499
       Quick blade       |       |       |       |       |       |   474 |   824 ||  1298
 Fire: Blowgun           |       |    30 |    19 |    53 |     2 |       |       ||   104
Throw: Tomahawk          |       |       |     1 |     2 |       |    11 |       ||    14
       Throwing net      |       |       |       |     1 |       |     3 |       ||     4
       Javelin           |       |       |       |       |     1 |    10 |       ||    11
 Cast: Repel Missiles    |       |       |       |       |       |     1 |     1 ||     2
Invok: Call Merchant     |       |       |     1 |     1 |     3 |     1 |     1 ||     7
Evoke: Wand              |       |       |       |    18 |    24 |     7 |     7 ||    56
       Rod               |       |       |       |       |    11 |     2 |     9 ||    22
       Box of beasts     |       |       |       |       |       |     8 |    10 ||    18
       Lamp of fire      |       |       |       |       |       |     1 |     3 ||     4
       Fan of gales      |       |       |       |       |       |       |     1 ||     1
       Stone of tremors  |       |       |       |       |       |       |     1 ||     1
  Use: Scroll            |     3 |     8 |     9 |    30 |    15 |    17 |     9 ||    91
       Potion            |       |     6 |     1 |    12 |     4 |     4 |    12 ||    39
 Stab: Sleeping          |     6 |    10 |    16 |    19 |    73 |    34 |    21 ||   179
       Invisible         |       |     2 |     2 |     2 |       |     6 |     1 ||    13
       Distracted        |       |     1 |     5 |    12 |    31 |    34 |    32 ||   115
       Held in net/web   |       |       |       |     1 |       |     1 |       ||     2
       Confused          |       |       |       |     1 |       |       |       ||     1
       Paralysed         |       |       |       |     1 |       |       |       ||     1
  Eat: Chunk             |     1 |     1 |       |       |       |       |       ||     2
       Royal jelly       |       |     2 |     3 |     2 |     1 |       |       ||     8
       Pizza             |       |     1 |     2 |     2 |       |     1 |     2 ||     8
       Beef jerky        |       |     1 |     1 |     3 |     2 |     5 |     1 ||    13
       Fruit             |       |       |     7 |    21 |    25 |       |     3 ||    56
       Bread ration      |       |       |     1 |       |     4 |     2 |     4 ||    11
       Meat ration       |       |       |       |       |       |     2 |       ||     2
